Map: Frozen Temple

Players

clairvoyant

  • Race: Terran Terran
  • League: Platinum

SPARKEATER - Winner!

  • Race: Terran Terran
  • League: Gold

VOD

Have the link to the VOD?

Description

Time

  • Played on: July 12, 2016, 9:22 p.m.
  • Length: 13:01
Show
View Real Time Build Order
Export as new Build Order

clairvoyant Terran 

Build Orders:  

Get SALT Encoding   

  12  0:01  SCV  
  13  0:13  SCV  
  14  0:22  Supply Depot  
  14  0:25  SCV  
  15  0:44  SCV  
  15  0:46  Barracks  
  15  0:49  Refinery  
  16  0:56  SCV  
  17  1:07  Barracks  
  17  1:08  SCV  
  18  1:20  SCV  
  20  1:33  Supply Depot  
  20  1:34  Reaper  
  20  1:40  Orbital Command  
  20  1:55  Marine  
  20  1:59  Refinery  
  21  2:06  Marine  
  21  2:07  SCV  
  23  2:11  Factory  
  23  2:20  Marine  
  24  2:24  SCV, Marine  
  26  2:36  SCV  
  27  2:38  Marine  
  27  2:41  Supply Depot  
  27  2:42  Marine  
  29  2:48  SCV  
  30  3:13  Factory Tech Lab  
  30  3:16  Barracks Reactor  
  30  3:17  Barracks Tech Lab, Starport  
  30  3:27  Command Center  
  30  3:35  Siege Tank  
  33  3:54  Marine x3  
  36  4:01  Supply Depot  
  36  4:05  Engineering Bay  
  36  4:07  Siege Tank  
  39  4:20  Supply Depot  
  39  4:23  Marine x3  
  42  4:30  Viking  
  44  4:38  Missile Turret  
  44  4:44  Orbital Command  
  44  5:05  Orbital Command  
  44  5:19  SCV  
  45  5:25  Command Center  
  45  5:27  Viking  
  47  5:31  SCV  
  47  5:32  SCV  
  47  5:43  SCV  
  47  5:44  SCV  
  44  5:59  Viking  
  44  6:01  Siege Tank  
  49  6:12  SCV  
  50  6:20  SCV  
  50  6:21  Marine x3  
  50  6:24  SCV  
  55  6:29  Viking  
  55  6:32  SCV  
  58  6:33  Siege Tank  
  58  6:36  Orbital Command  
  55  6:58  SCV x2  
  57  7:05  SCV  
  57  7:06  Marine x2  
  61  7:10  SCV x2, Barracks Tech Lab  
  61  7:12  Siege Tank  
  61  7:14  Medivac  
  67  7:16  Terran Infantry Weapons Level 1  
  67  7:22  Orbital Command  
  67  7:24  Marine x2  
  69  7:32  SCV  
  69  7:33  SCV  
  69  7:36  Refinery  
  71  7:38  Refinery  
  71  7:42  Marine x2  
  73  7:44  SCV  
  73  7:45  SCV, Missile Turret  
  75  7:53  SCV  
  75  7:57  SCV x2  
  78  8:02  Combat Shields  
  78  8:05  SCV  
  79  8:09  SCV x2, Armory  
  81  8:12  Supply Depot  
  81  8:16  Supply Depot  
  81  8:17  SCV  
  82  8:21  SCV x2  
  84  8:29  SCV  
  84  8:31  Supply Depot  
  84  8:34  SCV x2, Marine x2, Viking  
  85  8:38  Reaper  
  92  8:41  SCV  
  92  8:45  Refinery  
  92  8:46  SCV x2, Refinery  
  92  8:47  Supply Depot  
  92  8:48  Supply Depot  
  95  8:50  Siege Tank  
  95  8:52  Marine x2  
  95  8:53  SCV  
  101  8:58  SCV  
  101  8:59  Supply Depot  
  101  9:00  Terran Vehicle Weapons Level 1  
  101  9:01  SCV  
  103  9:06  SCV  
  102  9:10  Terran Infantry Armor Level 1, SCV, Marine  
  102  9:13  SCV  
  105  9:19  Banshee  
  105  9:21  Cloaking Field  
  108  9:34  Marine x3  
  111  9:48  Siege Tank, Engineering Bay  
  111  9:52  Marine x3  
  116  9:58  Barracks  
  117  10:02  Viking  
  119  10:10  Marine x3  
  122  10:22  Siege Tank  
  122  10:26  Terran Infantry Weapons Level 2  
  122  10:27  Marine  
  122  10:28  Marine x2  
  128  10:30  Command Center  
  128  10:32  Viking  
  128  10:33  Supply Depot  
  130  10:38  Supply Depot  
  130  10:39  Missile Turret  
  130  10:41  Supply Depot  
  130  10:45  Marine x2  
  116  11:02  Banshee  
  116  11:04  Barracks Reactor  
  113  11:06  Starport  
  90  11:28  Marine x3  
  80  11:34  Thor  
  78  11:44  Marine  
  78  11:45  Marine x2, Viking  
  78  11:46  Marine x2  
  85  11:47  Starport Tech Lab  
  85  11:48  Orbital Command  
  81  12:02  Marine x2  
  81  12:03  Marine  
  81  12:04  Marine x2  
  82  12:18  Siege Tank  
  82  12:20  Marine x2  
  82  12:21  Marine x3  
  83  12:29  Barracks  
  82  12:31  Barracks  
  67  12:38  Marine x2  
  67  12:39  Marine x2  
Show
View Real Time Build Order
Export as new Build Order

SPARKEATER Terran - Winner!

Build Orders: Command Center First (CC), Bio Tank 

Get SALT Encoding   

  12  0:00  SCV  
  13  0:13  SCV  
  14  0:25  SCV  
  14  0:27  Supply Depot  
  15  0:51  SCV  
  16  0:57  Command Center  
  16  1:03  SCV  
  17  1:15  SCV, Barracks  
  18  1:25  Refinery  
  18  1:28  SCV  
  19  1:40  SCV  
  19  1:41  Refinery  
  19  1:47  Barracks  
  20  1:52  SCV  
  21  1:57  Supply Depot  
  21  2:07  Orbital Command  
  21  2:16  Marine  
  23  2:34  Orbital Command  
  23  2:37  SCV  
  24  2:48  Marine, Factory  
  24  2:51  SCV  
  25  3:01  Marine  
  24  3:13  SCV x2  
  24  3:15  Barracks Tech Lab  
  24  3:19  Marine  
  27  3:22  Barracks  
  27  3:25  SCV  
  28  3:29  SCV  
  29  3:37  SCV, Marine, Stimpack  
  31  3:44  Starport  
  31  3:45  Factory Tech Lab  
  32  3:48  SCV  
  32  3:51  SCV  
  33  4:00  SCV  
  33  4:02  Marine x2  
  36  4:03  SCV  
  37  4:14  Siege Tank  
  37  4:15  SCV x2, Supply Depot  
  42  4:20  Marine x2, Medivac  
  46  4:28  Supply Depot  
  46  4:36  SCV x2, Marine  
  46  4:37  Marine  
  50  4:43  Engineering Bay  
  50  4:45  Supply Depot  
  50  4:48  Siege Tank  
  50  4:49  SCV, Marine  
  50  4:50  SCV  
  56  4:54  Marine  
  56  4:55  Marine  
  56  4:59  Medivac  
  60  5:01  SCV  
  60  5:02  SCV  
  61  5:21  SCV, Bunker  
  61  5:22  SCV  
  61  5:25  Marine x2, Siege Tank, Marauder  
  70  5:51  Marine  
  70  5:52  Marine, Medivac  
  64  5:57  Marine  
  64  5:58  SCV  
  64  5:59  SCV  
  64  6:01  Siege Tank  
  64  6:03  Command Center  
  70  6:14  Engineering Bay  
  70  6:19  Combat Shields  
  70  6:24  Starport Reactor  
  70  6:29  Barracks  
  70  6:30  Barracks  
  70  6:31  Supply Depot  
  70  6:33  SCV x2, Marine x3  
  74  6:51  Marine x2, Marauder  
  70  6:55  SCV x2, Siege Tank  
  75  7:02  Medivac  
  77  7:08  Marine x2  
  77  7:09  Refinery  
  77  7:10  Refinery  
  77  7:12  SCV x2, Marine  
  82  7:20  Missile Turret  
  82  7:24  SCV x2, Missile Turret  
  82  7:26  Marine x2  
  86  7:30  Marine, Planetary Fortress  
  86  7:35  Marine x2  
  89  7:42  Siege Tank  
  92  7:44  Marine x2  
  92  7:47  SCV x2  
  92  7:48  Marine  
  97  7:53  Marine x2  
  97  7:55  Supply Depot  
  97  7:58  Terran Infantry Weapons Level 1  
  99  7:59  SCV x2  
  101  8:12  Barracks  
  101  8:16  SCV, Marine x3, Medivac, Viking  
  109  8:31  Missile Turret  
  109  8:44  Concussive Shells  
  109  9:07  Marine x2  
  109  9:09  Marine x3  
  108  9:10  Siege Tank  
  108  9:11  Marine  
  108  9:25  Marine  
  108  9:31  Terran Infantry Armor Level 1  
  109  9:32  Factory  
  109  9:44  Refinery, Supply Depot  
  109  9:47  Refinery, Supply Depot  
  109  9:49  Marine x5  
  109  9:50  Medivac, Viking, Siege Tank, Marauder  
  123  10:03  Liberator  
  123  10:07  Marine x5  
  123  10:11  Marauder  
  130  10:20  Supply Depot  
  133  10:23  Siege Tank  
  133  10:25  Marine x5  
  141  10:42  Marine x2, Marauder  
  145  10:55  Siege Tank  
  129  11:27  Siege Tank  
  116  11:38  Marine, Medivac x2  
  116  11:39  Marine  
  115  12:08  Medivac x2  
  115  12:22  Marine x2  
Tags
 
Add a new tag
Caveats
  • Supply blocks, unpowered buildings, or Contaminate may cause inaccurate times.
  • Supply counts are checked every 10 seconds.